 Dungeon Crawl Stone Soup version 0.28.0-53-g5a82cb258f (webtiles) character file.

Game seed: 1007138758736243205

317 mcbry74 the Firebug (level 6, -7/45 HPs)
             Began as a Hill Orc Fire Elementalist on July 8, 2022.
             Was an Initiate of Vehumet.
             Killed by divine providence
             ... invoked by an orc priest
              (12 damage)
             ... on level 4 of the Dungeon on July 9, 2022.
             The game lasted 00:15:01 (4951 turns).

mcbry74 the Firebug (Hill Orc Fire Elementalist)    Turns: 4951, Time: 00:15:01

Health: -7/45      AC:  4    Str: 11    XL:     6   Next: 44%
Magic:  3/8        EV: 12    Int: 17    God:    Vehumet [......]
Gold:   183        SH:  0    Dex: 11    Spells: 1/8 levels left

rFire   + . .      SeeInvis .   n - +0 hand axe
rCold   . . .      Faith    .   (no shield)
rNeg    . . .      Spirit   .   g - +2 robe {rF+}
rPois   .          Reflect  .   (no helmet)
rElec   .          Harm     .   (no cloak)
rCorr   .          Rampage  .   (no gloves)
Will    .....                   (no boots)
Stlth   ++........              o - amulet of the acrobat
HPRegen 0.15/turn               (no ring)
MPRegen 0.11/turn               (no ring)

@: no status effects
A: no striking features
a: Renounce Religion, Convert to Beogh


You were on level 4 of the Dungeon.
You worshipped Vehumet.
Vehumet was noncommittal.
You visited 2 branches of the dungeon, and saw 5 of its levels.

You collected 183 gold pieces.

Inventory:

Hand Weapons
 n - a +0 hand axe (weapon)
 u - a +0 war axe
Armour
 a - a +0 robe
 g - a +2 robe of fire resistance (worn)
 q - a +0 chain mail
 t - a +0 pair of boots
Jewellery
 e - a ring of see invisible
 o - an amulet of the acrobat (around neck)
Scrolls
 b - a scroll of magic mapping {unknown}
 c - 3 scrolls of identify {unknown}
 d - 2 scrolls of amnesia {unknown}
 i - 2 scrolls of enchant weapon {unknown}
 j - a scroll of immolation {unknown}
 m - 2 scrolls of vulnerability {unknown}
 p - a scroll of torment {unknown}
Potions
 f - a potion of curing {unknown}
 h - a potion of berserk rage {unknown}
 k - a potion of degeneration {unknown}
 l - a potion of heal wounds {unknown}
 r - a potion of might {unknown}
 s - a potion of flight {unknown}


   Skills:
 - Level 1.5 Dodging
 - Level 1.5 Stealth
 - Level 1.5 Spellcasting
 + Level 3.5 Conjurations
 * Level 6.6 Fire Magic


You had one spell level left.
You knew the following spells:

 Your Spells              Type           Power      Damage    Failure   Level
a - Foxfire               Conj/Fire      72%        2x1d7     2%          1
b - Scorch                Fire           46%        2d7       1%          2
c - Flame Wave            Conj/Fire      18%        2d6       26%         4

Your spell library contained the following spells:

 Spells                   Type           Power      Damage    Failure   Level
 Conjure Flame            Conj/Fire      18%        6-21      8%          3
 Static Discharge         Conj/Air       7%         N/A       14%         2
 Inner Flame              Hex/Fire       12%        N/A       16%         3
 Sticky Flame             Conj/Fire      18%        2d4       26%         4
 Dispel Undead            Necr           1%         3d6       90%         4
 Summon Lightning Spire   Summ/Air       1%         N/A       90%         4
 Storm Form               Tmut/Air       0%         N/A       100%        7
 Maxwell's Capacitive Co  Air            0%         ∞         100%        8


Dungeon Overview and Level Annotations

Branches:
Dungeon (4/15)             Temple (1/1) D:4

Altars:
Ashenzari
Dithmenos
Fedhas
Gozag
Hepliaklqana
Makhleb
Okawaru
Trog
Vehumet
Xom
Yredelemnul
Zin
The Shining One

Annotations:
D:4 Blork the orc


Message History

Flames lash the orc.
You kill the orc!
Vehumet accepts your kill.
You hear a shout!
There is an open door here.
There is an open door here.
Casting: Scorch (safe; 1% risk of failure)
Confirm with . or Enter, or press ? or * to list all spells.
Flames lash the orc but do no damage.
The orc hits you but does no damage.
Casting: Scorch (safe; 1% risk of failure)
Confirm with . or Enter, or press ? or * to list all spells.
Flames lash the orc wizard.
The orc wizard is heavily wounded.
The orc wizard's fire resistance burns away.
The orc wizard is no longer more vulnerable to fire.
The orc wizard casts a spell at you.
You are confused.
There is an open door here.
You barely miss the orc. The orc hits you with a +0 club.
You feel less confused. The orc hits you with a +0 club.
There is an open door here.
Casting: Scorch (safe; 1% risk of failure)
Confirm with . or Enter, or press ? or * to list all spells.
Flames lash the orc.
You kill the orc!
Vehumet accepts your kill.
The orc priest shouts, "Join the one true god or die!" (press Y on the ability menu to convert to Beogh)
The orc priest invokes the aid of Beogh against you.
Beogh smites you! The orc wizard casts a spell at you. The magic dart hits you!
The orc priest calls down the wrath of Beogh upon you.
Beogh smites you!
* * * LOW HITPOINT WARNING * * *
There is a stone staircase leading up here.
The orc priest invokes the aid of Beogh against you.
Beogh smites you!
You die...

#...# #.# #...# ..#
#...## ##.# #...# ##.#
#...###..#
######........#######
##..........##...†...#
##.........#####..###'#
. ##.....@....#
##.#....
..##........>..#
#.#.#'#
#........oo....#
#.+.#>#
#..............#
###.### #............#
#.... . #............#
###+# ##.
#.###.o......# # #.# #
+.#.....##.# #..
##.#####.#)#..## ..#
##.


You could see an orc priest, an orc wizard and an orc.

Vanquished Creatures
  An ogre (D:2)
  A howler monkey (D:4)
  Jessica (D:2)
  Natasha (D:1)
  An orc wizard (D:3)
  2 adders (D:2)
  An adder skeleton (D:4)
  2 worms
  3 dart slugs
  8 orcs
  8 ball pythons
  10 endoplasms
  4 giant cockroaches
  5 goblins (D:1)
  5 hobgoblins
  6 kobolds
  3 quokkas
  3 bats
  4 frilled lizards
  5 rats
74 creatures vanquished.

Vanquished Creatures (others)
  53 foxfires
  5 plants (D:1)
  5 toadstools (D:1)
63 creatures vanquished.

Grand Total: 137 creatures vanquished

Notes
Turn   | Place    | Note
-------+----------+-------------------------------------------
     0 | D:1      | mcbry74 the Hill Orc Fire Elementalist began the quest for
                  | the Orb.
     0 | D:1      | Reached XP level 1. HP: 14/14 MP: 3/3
   123 | D:1      | Reached XP level 2. HP: 20/20 MP: 0/4
   169 | D:1      | Learned a level 2 spell: Scorch
   440 | D:1      | Reached skill level 4 in Fire Magic
   713 | D:1      | Reached XP level 3. HP: 26/26 MP: 2/5
  1016 | D:2      | Noticed Jessica
  1075 | D:2      | Killed Jessica
  1076 | D:2      | Reached XP level 4. HP: 33/33 MP: 1/6
  1615 | D:2      | Noticed Natasha
  2007 | D:2      | Reached skill level 5 in Fire Magic
  2593 | D:1      | Killed Natasha
  2658 | D:2      | Reached XP level 5. HP: 33/38 MP: 0/7
  3110 | D:3      | Noticed an ogre
  3228 | D:2      | Killed an ogre
  3229 | D:2      | Reached skill level 6 in Fire Magic
  3615 | D:3      | Reached XP level 6. HP: 45/45 MP: 5/8
  3620 | D:3      | Learned a level 4 spell: Flame Wave
  4282 | D:4      | Noticed Blork the orc
  4364 | D:4      | Found a staircase to the Ecumenical Temple.
  4373 | Temple   | Entered the Ecumenical Temple
  4648 | Temple   | Became a worshipper of Vehumet
  4951 | D:4      | Killed from afar by an orc priest

Illustrated notes

Levels and vault maps discovered:
D:1:      ldierk_walled_garden, layout_basic, minmay_misc_feat_alley,
          minmay_shallow_snake_nest
D:2:      layout_basic, uniq_jessica, uniq_natasha
D:3:      layout_loops_ring
D:4:      nicolae_cairo_tiling_large, layout_cave_pods,
          minmay_temple_entry_glassed_door, portal_sewer_entry_b,
          uniq_blork_the_orc
Temple:   mainiacjoe_temple_trianglar_array

Skill      XL: |  1  2  3  4  5 |
---------------+----------------+-----
Fire Magic     | 4 5 6 |  6.6
Conjurations   | 2 3 |  3.5
Dodging        | |  1.5
Stealth        | |  1.5
Spellcasting   | |  1.5

Action                   |  1- 3 |  4- 6 || total
-------------------------+-------+-------++-------
Melee: Hand axe          |       |    35 ||    35
 Cast: Foxfire           |    23 |     8 ||    31
       Scorch            |    10 |    61 ||    71
 Stab: Sleeping          |       |     1 ||     1
Armor: Robe              |       |    19 ||    19
Dodge: Dodged            |     8 |    92 ||   100
